 Dungeon Crawl Stone Soup version 0.15-a0-335-g04a2ae6 (webtiles) character file.

2742 Infinimo the Conjurer (level 9, -1/45 HPs)
             Began as a Tengu Conjurer on May 1, 2014.
             Was a Priest of Sif Muna.
             Succumbed to a gnoll sergeant's poison
             ... on Level 7 of the Dungeon.
             The game lasted 00:16:20 (8026 turns).

Infinimo the Conjurer (Tengu Conjurer)              Turns: 8026, Time: 00:16:20

HP  -1/45        AC  4     Str  8      XL: 9   Next: 42%
MP   2/21        EV 18     Int 18      God: Sif Muna [***...]
Gold 405         SH  0     Dex 21      Spells:  3 memorised,  6 levels left

rFire  . . .     SeeInvis .     (no weapon)
rCold  . . .     Clarity  .     a - +1 robe
rNeg   . . .     Conserve .     (no shield)
rPois  .         rCorr    .     p - +1 hat
rElec  .         rRot     .     (no cloak)
SustAb . .       Spirit   .     (no gloves)
rMut   .         Warding  .     (boots unavailable)
Saprov . . .     Stasis   .     (no amulet)
MR     .....                    (no ring)
                                (no ring)

@: agile, lethally poisoned, not resistant to hostile enchantments, fairly
stealthy
A: able to fly, beak, talons 3
a: Fly, Channel Energy, Forget Spell, Renounce Religion


You were on level 7 of the Dungeon.
You worshipped Sif Muna.
Sif Muna was most pleased with you.
You were very hungry.

You visited 2 branches of the dungeon, and saw 8 of its levels.

You collected 405 gold pieces.

Inventory:

Hand weapons
 A - the +7,+7 mace of Arrival {drain, rF- rN+ Str+2 SInv}
   (You found it on level 6 of the Dungeon)

   A truly terrible weapon, it drains the life of those it strikes.
   It affects your strength (+2).
   It makes you vulnerable to fire.
   It protects you from negative energy.
   It enhances your eyesight.
Armour
 a - a +1 robe (worn)
 p - a +1 hat (worn)
Comestibles
 b - 4 bread rations
 i - 2 meat rations
 o - a snozzcumber
 r - 8 strawberries
 t - a choko
 x - an apple
Scrolls
 q - 2 scrolls of recharging
 s - a scroll of remove curse
Jewellery
 h - an uncursed ring of magical power
 j - an uncursed amulet of stasis
 w - a cursed ring of teleportation
 E - an uncursed ring of protection from fire {unknown}
 F - a +5 ring of strength {unknown}
Potions
 d - 2 potions of brilliance {unknown}
 e - a potion of resistance
 f - 5 potions of heal wounds
 g - a potion of haste {unknown}
 k - 5 potions of curing {unknown}
 l - a potion of magic {unknown}
 m - 4 potions of poison {unknown}
 n - a potion of paralysis {unknown}
 u - a potion of porridge
 v - 2 potions of agility
 G - a potion of berserk rage {unknown}
Books
 c - a book of Conjurations

   Spells                             Type                      Level
   *Magic Dart                        Conjuration                  1
   Searing Ray                        Conjuration                  2
   Dazzling Spray                     Conjuration/Hexes            3
   Fulminant Prism                    Conjuration/Hexes            4
   *Iskenderun's Mystic Blast         Conjuration                  4
   *Iskenderun's Battlesphere         Conjuration/Charms           5


   Skills:
 - Level 2.1 Dodging
 - Level 2.0 Stealth
 - Level 4.0 Spellcasting
 + Level 13.4 Conjurations
 - Level 5.0 Charms


You had 6 spell levels left.
You knew the following spells:

 Your Spells              Type           Power        Failure   Level  Hunger
a - Magic Dart            Conj           ####         1%          1    None
b - Iskenderun's Mystic   Conj           ######..     1%          4    ####...
c - Iskenderun's Battles  Conj/Chrm      #####...     12%         5    #####..


Dungeon Overview and Level Annotations

Branches:
Dungeon (7/15)             Temple (1/1) D:5

Altars:
Ashenzari
Cheibriados
Dithmenos
Elyvilon
Fedhas
Kikubaaqudgha
Makhleb
Nemelex Xobeh
Okawaru
Sif Muna
Trog
Vehumet
Xom
Yredelemnul
Zin
The Shining One

Shops:
D:5 :   D:7 ?


Innate Abilities, Weirdness & Mutations

You can fly.
You have a beak for a mouth.
You have claws for feet.


Message History

The gnoll sergeant hits you from afar with a spear of venom.
* * * LOW HITPOINT WARNING * * *
You feel very sick.
* * * LOW HITPOINT WARNING * * *
You feel very sick.
Your surroundings suddenly seem different.
* * * LOW HITPOINT WARNING * * *
You feel very sick.
There is a lethal amount of poison in your body!
There is a lethal amount of poison in your body!
* * * LOW HITPOINT WARNING * * *
You feel sick.
* * * LOW HITPOINT WARNING * * *
You feel sick.
* * * LOW HITPOINT WARNING * * *
You feel very sick.
Drink which item? (? for menu, Esc to quit)
You feel agile all of a sudden.
It was a potion of agility.
You die...

#...........#
#...........#
##..)........#
#............#
#......###...#
#.....#####..#
#.....'...##.#
#.....'...#
#.....%...#
#.@...#####
#......###
#...)......
##..........
#..........
#..........
#...........
#...........
#...........
#..........


There were no monsters in sight!

Vanquished Creatures
  2 phantoms (D:5)
  3 ogres
  2 orc warriors
  A centaur (D:7)
  A wyvern zombie (D:6)
  A scorpion (D:4)
  A giant frog (D:6)
  A water moccasin skeleton (D:5)
  A hippogriff skeleton (D:5)
  5 wights (D:6)
  4 crimson imps
  3 orc priests (D:5)
  An elf zombie (D:6)
  2 jellies
  2 centaur skeletons (D:5)
  5 hounds
  An iguana (D:6)
  6 worker ants
  A big fish (D:5)
  5 orc wizards
  A killer bee zombie (D:6)
  A scorpion zombie (D:5)
  10 adders
  9 gnolls
  A shadow imp (D:6)
  A giant mite (D:4)
  An inept feature mimic (D:2)
  5 worms
  2 adder skeletons
  An adder zombie (D:6)
  2 giant eyeballs (D:6)
  4 giant geckos
  An ooze (D:7)
  16 orcs
  11 bats
  A giant cockroach (D:1)
  10 hobgoblins
  14 jackals
  A ball python (D:3)
  4 giant newts
  8 goblins
  10 kobolds
  A kobold skeleton (D:4)
  2 quokkas
  7 rats
  4 rat skeletons
176 creatures vanquished.

Vanquished Creatures (others)
  A wizard (D:5)
  A big fish (D:6)
2 creatures vanquished.

Grand Total: 178 creatures vanquished

Notes
Turn   | Place    | Note
--------------------------------------------------------------
     0 | D:1      | Infinimo, the Tengu Conjurer, began the quest for the Orb.
     0 | D:1      | Reached XP level 1. HP: 10/10 MP: 3/3
   482 | D:1      | Reached XP level 2. HP: 15/15 MP: 0/5
   705 | D:1      | Reached skill level 6 in Conjurations
   875 | D:1      | Reached XP level 3. HP: 19/19 MP: 5/7
  1877 | D:3      | Reached XP level 4. HP: 24/24 MP: 0/9
  2141 | D:3      | Learned a level 4 spell: Iskenderun's Mystic Blast
  2398 | D:3      | Reached skill level 7 in Conjurations
  2420 | D:3      | Reached XP level 5. HP: 9/28 MP: 0/13
  3453 | D:4      | Reached XP level 6. HP: 32/32 MP: 12/17
  3460 | D:4      | Learned a level 5 spell: Iskenderun's Battlesphere
  3530 | D:4      | Reached skill level 8 in Conjurations
  3591 | D:4      | Reached skill level 1 in Charms
  3847 | D:4      | Reached XP level 7. HP: 36/36 MP: 4/18
  3959 | D:5      | Entered Level 5 of the Dungeon
  4114 | D:5      | Reached skill level 9 in Conjurations
  4300 | D:5      | Found Uneehepe's Book Shoppe.
  4437 | D:5      | Found a staircase to the Ecumenical Temple.
  4453 | Temple   | Entered the Ecumenical Temple
  4624 | Temple   | Became a worshipper of Sif Muna the Loreminder
  4975 | D:5      | Reached XP level 8. HP: 25/41 MP: 15/20
  5028 | D:5      | Acquired Sif Muna's first power
  5028 | D:5      | Reached skill level 10 in Conjurations
  6023 | D:5      | Found a bloodstained altar of Trog.
  6024 | D:5      | Noticed a wizard
  6030 | D:5      | Killed a wizard
  6320 | D:6      | Got an iridescent mace
  6321 | D:6      | Identified the +7,+7 mace of Arrival {drain, rF- rN+ Str+2 SInv} (You found it on level 6 of the Dungeon)
  6408 | D:6      | Acquired Sif Muna's second power
  6408 | D:6      | Reached skill level 11 in Conjurations
  6452 | D:6      | Reached skill level 5 in Charms
  6499 | D:6      | Found a white marble altar of Elyvilon.
  6576 | D:6      | Paralysed by a giant eyeball for 2 turns
  6749 | D:6      | Reached XP level 9. HP: 28/45 MP: 17/21
  7008 | D:6      | Reached skill level 12 in Conjurations
  7185 | D:6      | Found a radiant altar of Vehumet.
  7185 | D:6      | Found a bloodstained altar of Trog.
  7580 | D:7      | Reached skill level 13 in Conjurations
  7977 | D:7      | Found Anoicuw's Magic Scroll Shoppe.
  8025 | D:7      | HP: 1/45 [poisoned by a gnoll sergeant]
  8026 | D:7      | Succumbed to a gnoll sergeant's poison

Action                   |  1- 3 |  4- 6 |  7- 9 || total
-------------------------+-------+-------+-------++-------
Melee: Unarmed           |    24 |     4 |     1 ||    29
 Cast: Magic Dart        |    71 |   156 |   354 ||   581
       Iskenderun's Myst |       |     2 |     9 ||    11
       Iskenderun's Batt |       |       |    11 ||    11
  Use: Scroll            |       |     7 |    11 ||    18
       Potion            |       |       |     2 ||     2
 Stab: Sleeping          |     1 |       |       ||     1
